 Dungeon Crawl Stone Soup version 0.25.1-2-g60ff931df9 (webtiles) character file.

Game seed: 16995646582398423550

218533 KyoPewz the Eclecticist (level 17, -3/108 HPs)
             Began as a Deep Elf Conjurer on Oct 17, 2020.
             Was the Champion of Vehumet.
             Slain by a war gargoyle
             ... wielding a +0 morningstar
              (14 damage)
             ... on level 11 of the Dungeon on Oct 19, 2020.
             The game lasted 06:17:29 (57934 turns).

KyoPewz the Eclecticist (Deep Elf Conjurer)        Turns: 57934, Time: 06:17:30

Health: -3/108     AC: 14    Str:  7 (10) XL:     17   Next: 98%
Magic:  24/50      EV: 31    Int: 19 (23) God:    Vehumet [******]
Gold:   2071       SH:  5    Dex: 18 (19) Spells: 1/53 levels left

rFire    + . .     SeeInvis .   n - +3 rapier of Domination {speed, *Noise rPois MR+++ Int-4}
rCold    + + .     Gourm    .   B - +0 buckler
rNeg     . . .     Faith    .   o - +0 swamp dragon scales
rPois    +         Spirit   .   N - +1 helmet of Compression {Str+4}
rElec    .         Reflect  .   U - scarf {rC+ rF+}
rCorr    .         Harm     .   I - +2 pair of gloves
MR       ++++.                  l - +1 pair of boots
Stlth    ++........             G - amulet of the acrobat
HPRegen  0.28/turn              P - ring "Geshe" {rC+ Dex+4}
MPRegen  0.32/turn              r - ring of magical power

@: acrobat
A: no striking features
}: 2/15 runes: decaying, gossamer
a: Renounce Religion


You were on level 11 of the Dungeon.
You worshipped Vehumet.
Vehumet was exalted by your worship.
You were not hungry.

You visited 6 branches of the dungeon, and saw 31 of its levels.
You also visited: Sewer, Ossuary and Bailey.

You collected 3783 gold pieces.
You spent 1712 gold pieces at shops.

Inventory:

Hand Weapons
 n - the +3 rapier of Domination (weapon) {speed, *Noise rPois MR+++ Int-4}
   (You found it on level 5 of the Dungeon)

   Attacks with this weapon are significantly faster.
   It affects your intelligence (-4).
   It protects you from poison.
   It affects your resistance to hostile enchantments.
   It may make noises in combat.
Armour
 l - a +1 pair of boots (worn)
   (You found it on level 4 of the Dungeon)
 o - +0 swamp dragon scales (worn)
   (You found it on level 4 of the Swamp)
 B - a +0 buckler (worn)
   (You found it on level 8 of the Dungeon)
 I - a +2 pair of gloves (worn)
   (You found it on level 4 of the Dungeon)
 N - the +1 helmet of Compression (worn) {Str+4}
   (You found it on level 4 of the Swamp)

   It affects your strength (+4).
 O - the +1 robe of the Kettle-Drum {rElec rC+ Int+2}
   (You found it on level 14 of the Dungeon)

   It affects your intelligence (+2).
   It protects you from cold.
   It insulates you from electricity.
 U - a scarf of resistance (worn)
   (You found it on level 2 of the Swamp)
Magical Staves
 Z - an uncursed staff of fire
   (You found it on level 1 of the Swamp)
Jewellery
 i - an uncursed ring of protection from fire
   (You found it on level 3 of the Dungeon)
 r - a ring of magical power (right hand)
   (You found it on level 3 of the Spider Nest)
 G - an amulet of the acrobat (around neck)
   (You found it on level 1 of the Dungeon)
 P - the ring "Geshe" (left hand) {rC+ Dex+4}
   (You found it on level 14 of the Dungeon)

   [ring of protection from cold]

   It affects your dexterity (+4).
   It protects you from cold.
 Y - an uncursed amulet of magic regeneration
   (You found it on level 14 of the Dungeon)
Wands
 c - a wand of disintegration (15)
   (You found it on level 4 of the Swamp)
 t - a wand of flame (77)
   (You took it off Grum on level 8 of the Dungeon)
 u - a wand of paralysis (18)
   (You found it on level 2 of the Lair of Beasts)
 v - a wand of digging (20)
   (You found it on level 7 of the Dungeon)
 x - a wand of acid (16)
   (You took it off a gnoll sergeant on level 10 of the Dungeon)
 J - a wand of polymorph (7)
   (You found it on level 2 of the Spider Nest)
 M - a wand of enslavement (9)
   (You found it on level 2 of the Lair of Beasts)
 R - a wand of clouds (8)
   (You found it on level 2 of the Lair of Beasts)
Scrolls
 b - 4 scrolls of magic mapping
 g - 6 scrolls of fog
 q - 5 scrolls of teleportation {@r4}
 w - 2 scrolls of summoning
 y - a scroll of amnesia
 z - 2 scrolls of immolation {!r}
 A - 13 scrolls of remove curse {@r2}
 D - a scroll of silence
 E - 15 scrolls of identify {@r1}
 W - a scroll of holy word
Potions
 d - 4 potions of flight
 h - 5 potions of might
 j - 2 potions of berserk rage
 k - 3 potions of curing {@q1}
 p - 2 potions of resistance
 s - a potion of haste {@q3}
 C - 8 potions of lignification {!q}
 F - a potion of stabbing
 Q - 4 potions of mutation {!q}
 V - 3 potions of brilliance
 X - 2 potions of cancellation
Miscellaneous
 m - a lightning rod (4/4) {!a}
   (You found it on level 3 of the Swamp)
Comestibles
 e - 38 rations {!d}


   Skills:
 - Level 13.0 Fighting
 - Level 12.0 Staves
 + Level 10.5 Dodging
 - Level 2.4 Stealth
 - Level 4.0 Shields
 + Level 18.8 Spellcasting
 - Level 14.0 Conjurations
 - Level 7.0 Hexes
 - Level 6.0 Translocations
 * Level 6.9 Fire Magic
 - Level 9.1 Ice Magic
 - Level 3.0 Air Magic
 - Level 3.0 Poison Magic
 - Level 10.0 Evocations


You had one spell level left.
You knew the following spells:

 Your Spells              Type           Power        Failure   Level  Hunger
a - Magic Dart            Conj           ####         1%          1    None
b - Dazzling Flash        Conj/Hex       ######       1%          3    None
c - Fireball              Conj/Fire      ######....   1%          5    ##.....
d - Freezing Cloud        Conj/Ice/Air   ######....   12%         6    ####...
e - Ozocubu's Refrigerat  Ice            ######....   11%         6    ####...
f - Mephitic Cloud        Conj/Pois/Air  #####...     1%          3    None
g - Starburst             Conj/Fire      ######....   6%          6    ####...
h - Conjure Ball Lightni  Conj/Air       ######....   13%         6    ####...
q - Shroud of Golubria    Chrm/Tloc      ####..       4%          2    None
s - Searing Ray           Conj           ######       1%          2    None
x - Iskenderun's Mystic   Conj/Tloc      ######..     1%          4    None
y - Olgreb's Toxic Radia  Pois           ####....     9%          4    None
z - Fulminant Prism       Conj/Hex       ######....   1%          4    None

Your spell library contained the following spells:

 Spells                   Type           Power        Failure   Level  Hunger
 Chain Lightning          Conj/Air       ######....   99%         8    #######
 Absolute Zero            Ice            ######....   100%        9    #######
 Tornado                  Air            ####......   100%        9    #######
 Corona                   Hex            #####..      1%          1    None
 Foxfire                  Conj/Fire      ####         1%          1    None
 Infusion                 Chrm           ###.         11%         1    None
 Summon Butterflies       Summ           ###.....     11%         1    None
 Summon Small Mammal      Summ           ###.         11%         1    None
 Ensorcelled Hibernation  Hex/Ice        #####.       1%          2    None
 Confusing Touch          Hex            #####...     1%          3    None
 Conjure Flame            Conj/Fire      ######..     1%          3    None
 Inner Flame              Hex/Fire       #####...     1%          3    None
 Tukima's Dance           Hex            #####...     1%          3    None
 Sticky Flame             Conj/Fire      ######..     1%          4    None
 Ignite Poison            Fire/Tmut/Pois ####....     2%          3    None
 Poisonous Vapours        Pois/Air       ####..       4%          2    None
 Ozocubu's Armour         Chrm/Ice       #####...     4%          3    None
 Irradiate                Conj/Tmut      #####.....   4%          5    ##.....
 Spectral Weapon          Hex/Chrm       ####....     8%          3    None
 Summon Guardian Golem    Hex/Summ       ####....     8%          3    None
 Call Imp                 Summ           ###.....     16%         2    None
 Song of Slaying          Chrm           ###.....     16%         2    None
 Sublimation of Blood     Necr           ###.......   16%         2    None
 Summon Ice Beast         Ice/Summ       #####...     16%         4    None
 Call Canine Familiar     Summ           ###.....     32%         3    None
 Summon Lightning Spire   Summ/Air       ###.....     50%         4    None
 Summon Mana Viper        Hex/Summ       ####....     56%         5    ##.....
 Petrify                  Tmut/Erth      ###.....     71%         4    None
 Alistair's Intoxication  Tmut/Pois      ###.....     85%         5    ##.....
 Eringya's Noxious Bog    Tmut/Pois      ###.......   100%        6    ####...
 Ring of Flames           Chrm/Fire      ####......   100%        7    ######.
 Summon Hydra             Summ           ###.......   100%        7    ######.


Dungeon Overview and Level Annotations

Branches:
Dungeon (14/15)            Temple (1/1) D:5            Lair (6/6) D:8
  Swamp (4/4) Lair:2       Spider (4/4) Lair:3        Slime (0/5) Lair:5
    Orc (2/2) D:12            Elf (0/3) Orc:2        Vaults (0/5) D:13
  Sewer (visited)         Ossuary (visited)          Bailey (visited)

Altars:
Ashenzari
Cheibriados
Dithmenos
Elyvilon
Fedhas
Gozag
Hepliaklqana
Kikubaaqudgha
Makhleb
Nemelex Xobeh
Okawaru
Qazlal
Ru
Sif Muna
Trog
Uskayaw
Vehumet
Wu Jian
Xom
Yredelemnul
Zin
The Shining One
Jiyva

Shops:
D:5 !   D:9 (   D:11 *?   D:13 (   D:14 [   Orc:2 %%}![

Annotations:
D:11 1 runed translucent door
D:14 !AGNES AT ALL STAIRS, Agnes
Swamp:2 RUZZLEFAZAZZLE's ghost, adept TrMo
Spider:1 !ghost moths


Message History

You erupt in a blast of force!
The mystic blast hits the war gargoyle but does no damage.
The war gargoyle closely misses you.
You erupt in a blast of force!
The mystic blast hits the war gargoyle.
The war gargoyle is knocked back by the mystic blast.
Aim: a war gargoyle, wielding a +0 morningstar (lightly damaged)
The searing ray hits the war gargoyle but does no damage. (Press . to maintain the ray.)
The searing ray hits the war gargoyle but does no damage.
The war gargoyle hits you with a +0 morningstar!!
The searing ray hits the war gargoyle but does no damage.
The war gargoyle misses you.
You erupt in a blast of force!
The mystic blast hits the war gargoyle but does no damage.
The war gargoyle hits you with a +0 morningstar!
The war gargoyle completely misses you.
Here: a war gargoyle, wielding a +0 morningstar (lightly damaged)
The floor.
You erupt in a blast of force!
The mystic blast hits the war gargoyle but does no damage.
The war gargoyle hits you but does no damage.
You erupt in a blast of force!
The mystic blast hits the war gargoyle but does no damage.
You block the war gargoyle's attack.
Here: a war gargoyle, wielding a +0 morningstar (lightly damaged)
The floor.
You erupt in a blast of force!
The mystic blast misses the war gargoyle.
The war gargoyle launches metal splinters at you.
The spray of metal splinters hits you!!!
* * * LOW HITPOINT WARNING * * *
You block the war gargoyle's attack.
Unknown command.
Here: a vampire, wielding a +2 vorpal long sword The floor, spattered with blood.
Here: a war gargoyle, wielding a +0 morningstar (catching its breath)
The floor.
The war gargoyle completely misses you.
The vampire casts a spell.
The vampire flickers and vanishes!
Deactivating autopickup; reactivate with Ctrl-A.
The war gargoyle launches metal splinters at you.
The spray of metal splinters hits you!!
* * * LOW HITPOINT WARNING * * *
Okay, then.
Unknown command.
Things that are here:
18 arrows; a +0 shortbow The war gargoyle hits you with a +0 morningstar!
You die...

.#..###........,,,,,,,,,,,,,,,*,,
....#*.........##.......,*,**,**,
....###.................,***,,***
=...##..#*,,#.........(.,,**,,,**
...###..#**##...........,,,,,,,,,
##..##..####..(.........,,,,,,,,,
........#.#..........(..,,,,,,,,,
..#...........[}........,,,,,,,,,
###..#........(9@<......,,,,,,,,,
#....#..........(.......,,,,,,,,,
...............(........,,,,,,,,*
........................,,,>,,,,,
....#..........(.......#**,,,,,,,
.##.##................##**,,,,,,,
##....#................#*,,,,,,,,
#..#####....(..........,,,,,),,,
######...[........#**,**,,,,*,,,


You could see a war gargoyle (catching breath).

Vanquished Creatures
  Arachne (Spider:4)
  A lich (D:11)
  Kirke (Spider:3)
  Donald (Orc:2)
  A thorn hunter (Swamp:2)
  5 ghost moths
  The ghost of matti1234 the Unseen, an adept OpWr of Gozag (Swamp:4)
  5 emperor scorpions
  The ghost of Xiemaice the Destroyer, a journeyman DrFE of Vehumet (Lair:3)
  3 entropy weavers
  A very ugly thing (Swamp:2)
  3 spark wasps
  The ghost of Delamore the Peltast, a journeyman GrFi of Okawaru (Lair:5)
  Snorg (Lair:3)
  The ghost of Exodus22XD the Cleaver, a journeyman DDFi of Makhleb (D:11)
  Fannar (Lair:2)
  3 ghost crabs
  Harold (D:8)
  5 shambling mangroves
  Erica (Lair:1)
  21 hydras
  A death yak (Lair:4)
  2 ogre magi (Orc:2)
  7 alligators
  3 centaur warriors
  13 two-headed ogres
  3 spriggan berserkers (Swamp:4)
  Urug (D:13)
  The ghost of raetorn the Covert, a journeyman VSBe of Trog (D:9)
  The ghost of patan the Grappler, a novice TrBe of Trog (D:8)
  A fire crab (Lair:6)
  Sonja (Lair:6)
  2 unseen horrors
  A spriggan druid (Swamp:3)
  2 deep trolls (Orc:2)
  10 swamp dragons
  3 orc knights
  35 wolf spiders
  2 orc sorcerers
  2 deep elf magi
  2 manticores (D:12)
  19 orb spiders
  A cyclops (shapeshifter) (D:11)
  4 cyclopes
  6 ugly things
  3 moths of wrath
  A guardian serpent (Lair:6)
  15 black mambas
  A torpor snail (Spider:4)
  14 spiny frogs
  3 centaur skeletons
  A kobold demonologist (D:13)
  A rime drake (Lair:4)
  4 komodo dragons
  A komodo dragon (shapeshifter) (D:12)
  15 demonic crawlers
  20 trolls
  35 jumping spiders
  2 polar bears
  19 hornets
  8 tyrant leeches
  7 bog bodies
  A harpy zombie (D:14)
  7 blink frogs
  23 slime creatures
  7 hippogriffs
  9 spriggans
  A shadow (Swamp:2)
  77 redbacks
  3 vampires
  24 tarantellas
  9 yaks (D:12)
  4 wyverns (Lair:6)
  Eustachio (D:4)
  17 humans
  A basilisk (D:14)
  3 hogs (Spider:3)
  A wraith (D:14)
  Grum (D:8)
  2 hungry ghosts
  13 vampire mosquitoes
  A soldier ant (D:14)
  2 wargs (Orc:1)
  11 insubstantial wisps
  13 swamp worms
  An acid dragon (D:14)
  22 water moccasins
  19 swamp drakes
  A black bear (D:12)
  18 orc warriors
  4 porcupines
  2 sky beasts
  A hornet zombie (D:13)
  2 ice beasts
  24 ogres
  29 wolves
  A necrophage (D:9)
  15 crocodiles
  27 centaurs
  5 big kobolds
  7 gnoll sergeants
  16 bullfrogs
  4 wyvern skeletons
  12 scorpions
  10 killer bees
  14 wights
  4 howler monkeys
  A spectral centaur (D:8)
  7 crimson imps
  2 centaur zombies (Ossuary)
  2 bullfrog zombies
  A jelly (D:13)
  13 orc priests
  2 human zombies (Ossuary)
  A quasit (D:13)
  2 bullfrog skeletons
  A hound (shapeshifter) (D:13)
  6 hounds
  20 orc wizards
  Jessica (D:3)
  2 iguanas
  4 hell rats (Lair:4)
  11 worker ants
  2 big kobold zombies (Ossuary)
  A hound zombie (D:5)
  A hound skeleton (D:11)
  4 mummies
  2 howler monkey zombies
  A worker ant zombie (D:10)
  17 gnolls
  7 adders
  3 river rats (Sewer)
  3 scorpion zombies (Ossuary)
  3 shadow imps
  An ooze (D:1)
  An adder skeleton (D:9)
  5 worms
  4 dart slugs
  4 leopard geckos
  87 orcs
  3 ball pythons
  4 bats
  3 giant cockroaches
  15 goblins
  12 hobgoblins
  15 jackals
  4 quokkas
  3 frilled lizards
  4 gnoll zombies (Ossuary)
  3 goblin zombies (Ossuary)
  A hobgoblin zombie (Ossuary)
  A jackal skeleton (D:8)
  A jackal zombie (D:8)
  23 kobolds
  2 kobold zombies (Ossuary)
  A leopard gecko zombie (D:5)
  2 orc zombies (Ossuary)
  A quokka simulacrum (D:8)
  8 rats
  A fulminant prism (D:8)
  4 fungi
  7 plants
1141 creatures vanquished.

Vanquished Creatures (collateral kills)
  An emperor scorpion (Spider:1)
  A torpor snail (Spider:1)
  A wyvern (Lair:6)
  A plant (Lair:6)
4 creatures vanquished.

Vanquished Creatures (others)
  A tarantella (Spider:4)
  2 humans (Spider:3)
  2 scorpions (Ossuary)
  A goblin zombie (Ossuary)
  42 fulminant prisms
  14 fungi
  11 plants
  2 withered plants (Swamp:4)
75 creatures vanquished.

Grand Total: 1220 creatures vanquished

Notes
Turn   | Place    | Note
-------+----------+-------------------------------------------
     0 | D:1      | KyoPewz the Deep Elf Conjurer began the quest for the Orb.
     0 | D:1      | Reached XP level 1. HP: 10/10 MP: 6/6
   280 | D:1      | Reached XP level 2. HP: 15/15 MP: 3/8
   284 | D:1      | Learned a level 2 spell: Searing Ray
   440 | D:1      | Reached skill level 4 in Spellcasting
   462 | D:1      | Reached skill level 5 in Conjurations
   462 | D:1      | Reached XP level 3. HP: 4/19 MP: 0/10
  1740 | D:2      | Learned a level 3 spell: Dazzling Flash
  1760 | D:2      | Found a faded altar of an unknown god.
  1880 | D:2      | Found an iron altar of Okawaru.
  1881 | D:2      | Reached XP level 4. HP: 23/24 MP: 10/12
  2151 | D:3      | Reached skill level 1 in Hexes
  2360 | D:3      | Found a glowing drain.
  2506 | Sewer    | Entered a sewer
  2509 | Sewer    | Reached skill level 5 in Spellcasting
  2509 | Sewer    | Reached XP level 5. HP: 28/28 MP: 9/14
  2690 | Sewer    | Learned a level 4 spell: Fulminant Prism
  2695 | Sewer    | Learned a level 4 spell: Iskenderun's Mystic Blast
  2839 | Sewer    | Found a white marble altar of Elyvilon.
  2923 | D:3      | Noticed Jessica
  2928 | D:3      | Killed Jessica
  3017 | D:3      | Found a sparkling altar of Nemelex Xobeh.
  3156 | D:3      | Reached skill level 1 in Translocations
  3346 | D:3      | Reached XP level 6. HP: 32/32 MP: 11/16
  4127 | D:4      | Found a sand-covered staircase.
  4176 | Ossuary  | Entered an ossuary
  5203 | Ossuary  | Reached XP level 7. HP: 29/36 MP: 9/17
  5931 | Ossuary  | Reached skill level 5 in Hexes
  7440 | D:4      | Noticed Eustachio
  7543 | D:5      | Entered Level 5 of the Dungeon
  7801 | D:5      | Reached XP level 8. HP: 41/41 MP: 12/18
  8096 | D:5      | Found a staircase to the Ecumenical Temple.
  8432 | D:6      | Reached skill level 1 in Staves
  9288 | Temple   | Entered the Ecumenical Temple
  9632 | Temple   | Became a worshipper of Vehumet
  9924 | D:5      | Found Esiqys's Distillery.
 10015 | D:5      | Reached skill level 5 in Dodging
 10167 | D:5      | Got a fine rapier
 10632 | D:7      | Noticed a troll
 10637 | D:7      | Killed a troll
 10637 | D:7      | Reached skill level 6 in Spellcasting
 10712 | D:7      | Reached XP level 9. HP: 45/45 MP: 10/20
 10773 | D:7      | Learned a level 5 spell: Fireball
 11203 | D:7      | Reached skill level 5 in Translocations
 11383 | D:7      | Reached * piety under Vehumet
 11383 | D:7      | Offered knowledge of Freeze by Vehumet.
 11487 | D:7      | Reached skill level 1 in Fire Magic
 11494 | D:7      | Reached skill level 7 in Spellcasting
 12034 | D:7      | Found an ancient bone altar of Kikubaaqudgha.
 12037 | D:7      | Found a sacrificial altar of Ru.
 12039 | D:7      | Found a bloodstained altar of Trog.
 12252 | D:8      | Found a transporter.
 12351 | D:8      | Noticed Harold
 12791 | D:7      | Reached skill level 10 in Conjurations
 12984 | D:8      | Noticed Grum
 13093 | D:8      | Killed Harold
 13093 | D:8      | Reached skill level 8 in Spellcasting
 13093 | D:8      | Reached XP level 10. HP: 50/50 MP: 15/24
 13093 | D:8      | Killed Grum
 13321 | D:8      | Found a staircase to the Lair.
 13363 | D:8      | Found a transporter.
 13364 | D:8      | Noticed patan's ghost (novice TrBe)
 13668 | D:9      | Learned a level 3 spell: Mephitic Cloud
 13820 | D:9      | Found Xeinom's Antique Weapon Emporium.
 13869 | D:9      | Offered knowledge of Shock by Vehumet.
 14172 | D:9      | Reached ** piety under Vehumet
 14275 | D:9      | Noticed a two-headed ogre
 14323 | D:9      | Killed a two-headed ogre
 14323 | D:9      | Reached skill level 9 in Spellcasting
 14865 | D:9      | Found a runed translucent door.
 14865 | D:9      | Noticed raetorn's ghost (journeyman VSBe)
 15164 | D:10     | Entered Level 10 of the Dungeon
 15197 | D:10     | Noticed a seven-headed hydra
 15527 | D:10     | Reached skill level 10 in Spellcasting
 15997 | D:10     | Offered knowledge of Ignite Poison by Vehumet.
 16107 | D:10     | Killed a seven-headed hydra
 16107 | D:10     | Reached XP level 11. HP: 54/54 MP: 11/27
 16274 | Lair:1   | Entered Level 1 of the Lair of Beasts
 16356 | Lair:1   | Got a bloodstained long sword
 16357 | Lair:1   | Identified the cursed +3 rapier of Domination {speed,
                  | *Noise rPois MR+++ Int-4} (You found it on level 5 of the
                  | Dungeon)
 16369 | Lair:1   | Identified the cursed +0 long sword "Uschogh" {drain, rF+
                  | rC- Str+8} (You found it on level 1 of the Lair of Beasts)
 16608 | Lair:1   | Noticed Erica
 16625 | Lair:1   | Killed Erica
 16625 | Lair:1   | Reached skill level 10 in Dodging
 16625 | Lair:1   | Reached skill level 11 in Spellcasting
 18237 | Lair:2   | Noticed a six-headed hydra
 18315 | Lair:2   | Reached skill level 5 in Fire Magic
 18448 | Lair:2   | Reached *** piety under Vehumet
 18900 | Lair:2   | Reached skill level 12 in Spellcasting
 19207 | Lair:2   | Found a staircase to the Swamp.
 19709 | Lair:2   | Killed a six-headed hydra
 19717 | Lair:2   | Learned a level 6 spell: Freezing Cloud
 20021 | Lair:2   | Reached skill level 1 in Ice Magic
 20322 | Lair:3   | Noticed Fannar
 20328 | Lair:2   | Killed Fannar
 20328 | Lair:2   | Reached skill level 13 in Spellcasting
 20328 | Lair:2   | Reached XP level 12. HP: 59/59 MP: 10/31
 20459 | Lair:3   | Offered knowledge of Olgreb's Toxic Radiance by Vehumet.
 20704 | Lair:3   | Found a hole to the Spider Nest.
 20711 | Lair:3   | Reached skill level 1 in Shields
 20927 | Lair:3   | Found a runed translucent door.
 21137 | Lair:3   | Noticed Xiemaice's ghost (journeyman DrFE)
 21433 | Lair:3   | Noticed a four-headed hydra
 21441 | Lair:3   | Killed a four-headed hydra
 21441 | Lair:3   | Reached skill level 5 in Staves
 21450 | Lair:3   | Noticed Snorg
 21618 | Lair:3   | Killed Snorg
 21749 | Lair:3   | Learned a level 4 spell: Olgreb's Toxic Radiance
 22338 | Lair:4   | Reached skill level 1 in Poison Magic
 22874 | Lair:4   | Noticed a death yak
 22885 | Lair:4   | Killed a death yak
 23413 | Lair:5   | Reached **** piety under Vehumet
 23539 | Lair:5   | Found a runed translucent gate.
 23539 | Lair:5   | Found a runed translucent gate.
 23541 | Lair:5   | Found a runed translucent gate.
 23543 | Lair:5   | Noticed Delamore's ghost (journeyman GrFi)
 23552 | Lair:5   | Noticed a five-headed hydra
 23558 | Lair:5   | Noticed a seven-headed hydra
 23560 | Lair:5   | Killed a five-headed hydra
 23561 | Lair:5   | Reached skill level 5 in Ice Magic
 23745 | Lair:5   | Reached skill level 14 in Spellcasting
 23762 | Lair:4   | Offered knowledge of Stone Arrow by Vehumet.
 23888 | Lair:4   | Learned a level 3 spell: Stone Arrow
 23891 | Lair:4   | Learned a level 2 spell: Shroud of Golubria
 24129 | Lair:5   | Found a viscous altar of Jiyva.
 24130 | Lair:5   | Found a staircase to the Slime Pits.
 24231 | Lair:5   | Killed a seven-headed hydra
 24231 | Lair:5   | Reached skill level 1 in Fighting
 24651 | Lair:6   | Entered Level 6 of the Lair of Beasts
 24665 | Lair:6   | Reached XP level 13. HP: 65/65 MP: 11/33
 25486 | Lair:6   | Noticed Sonja
 25490 | Lair:6   | Killed Sonja
 26166 | Lair:6   | Reached ***** piety under Vehumet
 26643 | Lair:6   | Offered knowledge of Hailstorm by Vehumet.
 26705 | Lair:6   | Learned a level 4 spell: Hailstorm
 26810 | Lair:6   | Reached skill level 5 in Fighting
 26983 | Lair:6   | Identified a scroll of acquirement
 26983 | Lair:6   | Acquired a book of Callings
 27366 | Lair:6   | Reached skill level 15 in Spellcasting
 28041 | D:4      | Killed Eustachio
 28349 | D:8      | Killed patan's ghost
 28582 | D:9      | Killed raetorn's ghost
 28846 | D:5      | Bought 2 potions of curing for 72 gold pieces
 28846 | D:5      | Bought a potion of curing for 36 gold pieces
 28846 | D:5      | Bought a potion of might for 48 gold pieces
 28846 | D:5      | Bought a potion of resistance for 120 gold pieces
 28846 | D:5      | Bought a potion of magic for 96 gold pieces
 28846 | D:5      | Bought a potion of stabbing for 48 gold pieces
 28846 | D:5      | Bought a potion of cancellation for 96 gold pieces
 28846 | D:5      | Bought a potion of heal wounds for 60 gold pieces
 29016 | D:9      | Bought a transparent falchion for 312 gold pieces
 29017 | D:9      | Identified the +6 falchion of Perversion {vorpal, *Drain
                  | +Inv rC+ Dex+4} (You bought it in a shop on level 9 of the
                  | Dungeon)
 29141 | D:11     | You fall into a shaft and drop 3 floors!
 29269 | D:14     | Found Xiem's Armour Emporium.
 29628 | D:13     | Found a gate to the Vaults.
 29628 | D:13     | Noticed Urug
 29636 | D:13     | Killed Urug
 29757 | D:12     | Reached XP level 14. HP: 73/82 MP: 18/35
 29886 | D:12     | Found a flagged portal.
 29895 | Bailey   | Entered a bailey
 29952 | Bailey   | Offered knowledge of Airstrike by Vehumet.
 30675 | D:12     | Reached skill level 16 in Spellcasting
 31103 | D:11     | Found a runed translucent door.
 31104 | D:11     | Noticed a war gargoyle
 31107 | D:11     | Noticed a lich
 31109 | D:11     | Noticed Exodus22XD's ghost (journeyman DDFi)
 31113 | D:11     | Found a runed translucent door.
 31226 | D:11     | Found Yconeaqu's Assorted Antiques.
 31351 | D:11     | Found Kamozeqo's Magic Scroll Boutique.
 31356 | D:11     | Bought a scroll of identify for 22 gold pieces
 31356 | D:11     | Bought a scroll of amnesia for 38 gold pieces
 31356 | D:11     | Bought a scroll of identify for 22 gold pieces
 31356 | D:11     | Bought a scroll of amnesia for 38 gold pieces
 31356 | D:11     | Bought a scroll of identify for 22 gold pieces
 31356 | D:11     | Bought a scroll of magic mapping for 38 gold pieces
 31356 | D:11     | Bought a scroll of silence for 82 gold pieces
 31515 | D:11     | Bought a papyrus book for 495 gold pieces
 32088 | D:12     | Found a staircase to the Orcish Mines.
 32097 | D:12     | Offered knowledge of Ozocubu's Refrigeration by Vehumet.
 32518 | Orc:1    | Entered Level 1 of the Orcish Mines
 32709 | D:12     | Learned a level 6 spell: Ozocubu's Refrigeration
 33305 | Orc:2    | Entered Level 2 of the Orcish Mines
 33309 | Orc:2    | Noticed Donald
 33324 | Orc:2    | Killed Donald
 33908 | Orc:2    | Found Muikladoa's Armour Emporium.
 34334 | Orc:2    | Reached skill level 17 in Spellcasting
 34734 | Orc:2    | Offered knowledge of Irradiate by Vehumet.
 35112 | Orc:2    | Found Unlulem's Gadget Shop.
 35114 | Orc:2    | Found Poysaguo's Food Boutique.
 35127 | Orc:2    | Found Xialuvai's Distillery.
 35132 | Orc:2    | Found a staircase to the Elven Halls.
 35136 | Orc:2    | Found Gibroheg's Food Shop.
 35169 | Orc:2    | Found a bloodstained altar of Trog.
 36221 | D:13     | Reached XP level 15. HP: 83/90 MP: 28/38
 36325 | D:13     | Found Qabutass's Weapon Shoppe.
 36495 | D:13     | Reached skill level 18 in Spellcasting
 37136 | D:14     | Bought a +0 cloak for 67 gold pieces
 37441 | D:14     | Got a crude robe
 37442 | D:14     | Identified the +1 robe of the Kettle-Drum {rElec rC+ Int+2}
                  | (You found it on level 14 of the Dungeon)
 37451 | D:14     | Got a slimy marble ring
 37453 | D:14     | Identified the ring "Geshe" {rC+ Dex+4} (You found it on
                  | level 14 of the Dungeon)
 37890 | D:13     | Found a gate to the Vaults.
 38113 | D:13     | Found Qabutass's Weapon Shoppe.
 38205 | D:14     | Noticed Agnes
 38659 | Swamp:1  | Entered Level 1 of the Swamp
 39331 | Swamp:1  | Reached skill level 10 in Fighting
 39353 | Swamp:1  | Offered knowledge of Conjure Ball Lightning by Vehumet.
 40250 | Swamp:2  | Paralysed by a hornet for 2 turns
 41200 | Swamp:2  | Noticed a thorn hunter
 41203 | Swamp:2  | Killed a thorn hunter
 42033 | Swamp:2  | Learned a level 6 spell: Conjure Ball Lightning
 43172 | Swamp:3  | Reached skill level 1 in Evocations
 43394 | Swamp:4  | Entered Level 4 of the Swamp
 43413 | Swamp:4  | Reached XP level 16. HP: 56/101 MP: 2/40
 44627 | Swamp:4  | Found a runed translucent gate.
 44627 | Swamp:4  | Found a runed translucent gate.
 44628 | Swamp:4  | Found a runed translucent gate.
 44629 | Swamp:4  | Noticed RUZZLEFAZAZZLE's ghost (adept TrMo)
 44629 | Swamp:4  | Noticed matti1234's ghost (adept OpWr)
 44857 | Swamp:4  | Reached skill level 1 in Air Magic
 45678 | Swamp:4  | Got a decaying rune of Zot
 46361 | Swamp:4  | Killed matti1234's ghost
 46447 | Swamp:4  | Got a brightly glowing helmet
 46458 | Swamp:4  | Identified the +1 helmet of Compression {Str+4} (You found
                  | it on level 4 of the Swamp)
 46693 | Spider:1 | Entered Level 1 of the Spider Nest
 46768 | Spider:1 | Reached ****** piety under Vehumet
 47237 | Spider:1 | Offered knowledge of Lee's Rapid Deconstruction by Vehumet.
 48457 | Spider:3 | Reached skill level 5 in Evocations
 48466 | Spider:3 | Noticed Kirke
 48474 | Spider:3 | Killed Kirke
 50373 | Spider:3 | Reached XP level 17. HP: 98/108 MP: 41/41
 50704 | Spider:3 | Offered knowledge of Starburst by Vehumet.
 50774 | Spider:3 | Learned a level 6 spell: Starburst
 52439 | Spider:4 | Entered Level 4 of the Spider Nest
 52697 | Spider:4 | Reached skill level 10 in Staves
 52838 | Spider:4 | Noticed Arachne
 53823 | Spider:4 | Reached skill level 10 in Evocations
 55627 | Spider:4 | Killed Arachne
 55840 | Spider:4 | Got a gossamer rune of Zot
 56853 | Lair:3   | Killed Xiemaice's ghost
 57136 | Lair:5   | Killed Delamore's ghost
 57602 | D:11     | Killed Exodus22XD's ghost
 57602 | D:11     | Offered knowledge of Chain Lightning by Vehumet.
 57602 | D:11     | Offered knowledge of Tornado by Vehumet.
 57602 | D:11     | Offered knowledge of Absolute Zero by Vehumet.
 57838 | D:11     | Found Yconeaqu's Assorted Antiques.
 57850 | D:11     | Killed a lich
 57934 | D:11     | Slain by a war gargoyle

Illustrated notes

Levels and vault maps discovered:
D:1:      dpeg_arrival_tiny_d, layout_basic
D:2:      layout_loops_ring, kennysheep_okawaru_gauntlet,
          chequers_ecumenical_altar_twisty, minmay_crystal_water,
          glass_columns_c, feat_on_display
D:3:      layout_basic, first_ration, cheibrodos_sewer_entry_drain,
          nemelex_diamond_rough_becter, uniq_jessica
D:4:      layout_basic, gup_ossuary_entry_pyramid, hangedman_feature_mirror,
          minmay_misc_feat_plants, uniq_eustachio
D:5:      layout_basic, minmay_temple_entry_from_below_a, serial_shops,
          nicolae_shop_behind_doors
D:6:      layout_basic, serial_rivers, chequers_serial_rivers_small_3,
          chequers_serial_rivers_micro_d, chequers_serial_rivers_large_a,
          chequers_serial_rivers_small_b, chequers_serial_rivers_small_3,
          hex_large
D:7:      layout_loops_corners, nicolae_overflow_hidden_temple, the_bakery
D:8:      layout_rooms, david_lair_shrubbed, gammafunk_ghost_mausoleum,
          uniq_grum, uniq_harold
D:9:      layout_stronghold, gammafunk_ghost_grave, serial_shops, shop
D:10:     layout_cave_pools
D:11:     layout_cave_pools, muffindrake_ghost_dual_entry, serial_shops,
          nicolae_shop_overgrown_old_shop, shop_scrolls
D:12:     layout_basic, kennysheep_orc_monster_closet_entryway,
          lightli_bailey_entry_fortress
D:13:     layout_loops_ring, david_vaults_3, serial_shops, shop
D:14:     layout_roguey, serial_shops, nicolae_shop_waterfront, uniq_agnes
Temple:   hc_temple_tempest_star
Lair:1:   layout_chaotic_city, uniq_erica
Lair:2:   layout_cellular_growth, minmay_swamp_entry_reptiles, minivault_11,
          grunt_forest_large_clearings
Lair:3:   layout_layer_cave, nicolae_spider_entry_tight_spaces,
          ebering_ghost_reflecting_pool, serial_bayou_shore_b,
          lemuel_fruit_tree, uniq_snorg, uniq_fannar
Lair:4:   layout_hall_layers, grunt_forest_large_clearing_hut,
          grunt_megastairs_5, serial_bayou_shore_b
Lair:5:   layout_gridlike, slime_altar_1, ebering_ghost_rock_garden,
          chequers_serial_rivers_room_a
Lair:6:   hangedman_lair_tendril_chambers, layout_long_grid, uniq_sonja
Swamp:1:  layout_basic_swamp, serial_swamp_ruin, evilmike_swamp_ruin_house_3,
          evilmike_swamp_ruin_rubble_2, swamp_pool5
Swamp:2:  layout_falls_marsh, nicolae_swamp_trees_clearing
Swamp:3:  layout_basic_swamp, evilmike_swamp_ruin_house_5
Swamp:4:  swamp_basic_johnstein, layout_basic_swamp, gammafunk_ghost_cemetery,
          swamp_pool1
Spider:1: layout_spider_delve
Spider:2: layout_chambers
Spider:3: nicolae_spider_hall_of_the_moth_king, drop_trap, uniq_kirke
Spider:4: johnstein_spider_rune_arachne_lair
Orc:1:    layout_caves
Orc:2:    st_orc_open, layout_diamond_mine, serial_shops, shop_fountains,
          trog_book, uniq_donald

Skill      XL: |  1  2  3  4  5  6  7  8  9 10 11 12 13 14 15 16 17 |
---------------+----------------------------------------------------+-----
Spellcasting   | 4 5 6 8 10 13 14 15 17 18 | 18.8
Conjurations   | 5 6 7 9 10 11 13 14 | 14.0
Hexes          | 2 3 4 5 7 |  7.0
Translocations | 1 3 4 5 6 |  6.0
Dodging        | 3 5 7 9 10 | 10.5
Staves         | 3 4 5 6 8 12 | 12.0
Fire Magic     | 3 5 6 |  6.9
Ice Magic      | 2 5 8 9 |  9.1
Shields        | 4 |  4.0
Poison Magic   | 3 |  3.0
Fighting       | 1 7 9 12 13 | 13.0
Evocations     | 1 7 10 | 10.0
Air Magic      | 3 |  3.0
Stealth        | |  2.4

Action                   |  1- 3 |  4- 6 |  7- 9 | 10-12 | 13-15 | 16-18 || total
-------------------------+-------+-------+-------+-------+-------+-------++-------
Melee: Unarmed           |    13 |       |       |       |       |       ||    13
       Long sword        |       |    13 |     2 |       |       |       ||    15
       Quarterstaff      |       |       |    21 |     6 |       |       ||    27
       Staff             |       |       |       |    12 |    42 |    36 ||    90
 Cast: Magic Dart        |    82 |   113 |   189 |   262 |   282 |   262 ||  1190
       Searing Ray       |       |    21 |    52 |   103 |   245 |   183 ||   604
       Dazzling Flash    |       |     1 |     1 |    18 |    32 |     6 ||    58
       Iskenderun's Myst |       |       |     5 |    31 |    85 |   157 ||   278
       Fulminant Prism   |       |       |    24 |     2 |     7 |    10 ||    43
       Fireball          |       |       |       |    69 |   146 |    91 ||   306
       Mephitic Cloud    |       |       |       |     8 |    18 |     1 ||    27
       Freezing Cloud    |       |       |       |     3 |    17 |    41 ||    61
       Olgreb's Toxic Ra |       |       |       |       |    17 |    85 ||   102
       Ozocubu's Refrige |       |       |       |       |    23 |     2 ||    25
       Shroud of Golubri |       |       |       |       |     1 |     1 ||     2
       Starburst         |       |       |       |       |       |    30 ||    30
Evoke: Wand              |       |       |       |       |       |    14 ||    14
  Use: Scroll            |       |     7 |    12 |     8 |    16 |    13 ||    56
       Potion            |       |     2 |     1 |     2 |     7 |    12 ||    24
 Stab: Invisible         |       |     1 |       |       |       |       ||     1
  Eat: Chunk             |     3 |     6 |    20 |    32 |    33 |    12 ||   106
       Ration            |       |     1 |     2 |     2 |     9 |    11 ||    25
Armor: Robe              |     4 |     3 |    21 |    26 |    39 |       ||    93
       Skin              |       |       |       |       |    19 |       ||    19
       Troll leather arm |       |       |       |       |    14 |     7 ||    21
       Swamp dragon scal |       |       |       |       |       |   253 ||   253
Dodge: Dodged            |    34 |    25 |    68 |   289 |   291 |   417 ||  1124
Block: Buckler           |       |       |       |    24 |   218 |   137 ||   379
       Reflection        |       |       |       |       |    27 |     1 ||    28
       Rpst.: Long sword |       |     9 |     4 |       |       |       ||    13
